 Dungeon Crawl Stone Soup version 0.30.1 (webtiles) character file.

Game seed: 16361005098194968975

162 GimliDwarf the Sneak (level 5, -3/37 HPs)
             Began as a Gnoll Wanderer on July 3, 2023.
             Was a Follower of Vehumet.
             Killed by divine providence
             ... invoked by an orc priest
              (17 damage)
             ... on level 3 of the Dungeon.
             The game lasted 00:06:01 (2572 turns).

GimliDwarf the Sneak (Gnoll Wanderer)               Turns: 2572, Time: 00:06:02

Health: -3/37      AC:  8    Str:  7    XL:     5   Next: 43%
Magic:  6/9        EV: 14    Int: 18    God:    Vehumet [*.....]
Gold:   174        SH:  0    Dex: 17    Spells: 9/10 levels left

rFire   . . .        l - +4 whip (flame)
rCold   . . .        (no shield)
rNeg    . . .        t - +2 robe {Archmagi}
rPois   .            (no helmet)
rElec   .            (no cloak)
rCorr   .            (no gloves)
SInv    .            (no boots)
Will    .....        (no amulet)
Stlth   +++          o - +6 ring of intelligence
HPRegen 0.26/turn    r - +4 ring of protection
MPRegen 0.11/turn

%: archmagi
@: no status effects
A: fangs 1, strong nose, distributed training
a: Renounce Religion


You were on level 3 of the Dungeon.
You worshipped Vehumet.
Vehumet was aware of your devotion.
You visited 1 branch of the dungeon, and saw 3 of its levels.

You collected 174 gold pieces.

Inventory:

Hand Weapons
 a - a +2 dagger
 k - a +0 short sword of electrocution
 l - a +4 whip of flaming (weapon)
 m - a +4 dagger of venom
Armour
 e - a +0 robe
 t - a +2 robe of the Archmagi (worn)
Jewellery
 o - a +6 ring of intelligence (left hand)
 r - a +4 ring of protection (right hand)
Scrolls
 b - a scroll of fear
 c - a scroll of vulnerability
 d - a scroll of blinking
 f - 2 scrolls of teleportation {unknown}
 n - 3 scrolls of identify {unknown}
 p - a scroll of poison {unknown}
 u - a scroll of enchant weapon {unknown}
Potions
 g - a potion of flight {unknown}
 h - a potion of berserk rage {unknown}
 i - 4 potions of curing {unknown}
 j - 2 potions of lignification {unknown}
 q - a potion of ambrosia {unknown}
 s - a potion of mutation {unknown}


   Skills:
 + Level 1.5 Fighting
 + Level 1.5 Short Blades
 + Level 1.5 Long Blades
 + Level 1.5 Axes
 + Level 1.5 Maces & Flails
 + Level 1.5 Polearms
 + Level 1.5 Staves
 + Level 1.5 Ranged Weapons
 + Level 3.0 Throwing
 + Level 1.5 Armour
 + Level 4.8 Dodging
 + Level 6.1 Stealth
 + Level 1.5 Shields
 + Level 1.5 Unarmed Combat
 + Level 3.2 Spellcasting
 + Level 1.2 Conjurations
 + Level 1.2 Hexes
 + Level 1.2 Summonings
 + Level 1.2 Necromancy
 + Level 1.2 Translocations
 + Level 1.2 Transmutations
 + Level 1.2 Fire Magic
 + Level 1.2 Ice Magic
 + Level 1.2 Air Magic
 + Level 4.0 Earth Magic
 + Level 1.2 Poison Magic
 + Level 1.7 Invocations
 + Level 3.0 Evocations


You had 9 spell levels left.
You knew the following spells:

 Your Spells              Type           Power      Damage    Failure   Level
a - Sandblast             Erth           50%        2d12      3%          1

Your spell library contained the following spells:

 Spells                   Type           Power      Damage    Failure   Level
 Kiss of Death            Conj/Necr      44%        2d8       10%         1
 Stone Arrow              Conj/Erth      36%        3d9       16%         3
 Call Canine Familiar     Summ           11%        N/A       28%         3
 Portal Projectile        Hex/Tloc       22%        N/A       28%         3
 Leda's Liquefaction      Hex/Erth       9%         N/A       47%         4


Dungeon Overview and Level Annotations

Branches:
Dungeon (3/15)

Altars:
Vehumet


Innate Abilities, Weirdness & Mutations

You have very sharp teeth.
Your uncanny sense of smell can sniff out nearby items.
Your experience applies equally to all skills.


Message History

Aiming: Sandblast (safe; 3% risk of failure)
Press: ? - help, Q - select action Shift-Dir - straight line, f - orc
Aim: an orc, wielding a +0 mace (83% to hit)
You feel a surge of power!
The blast of sand hits the orc!
You kill the orc!
Vehumet accepts your kill.
You feel your power returning.
The orc priest shouts!
The orc priest miscasts a cantrip.
Aiming: Sandblast (safe; 3% risk of failure)
Press: ? - help, Q - select action Shift-Dir - straight line, f - orc priest
Aim: an orc priest, wielding a +2 heavy war axe and wearing a +0 chain mail (87% to hit)
You feel a surge of power!
The blast of sand hits the orc priest.
The orc priest is moderately wounded.
The orc priest mumbles some strange prayers to Beogh against you.
Pain shoots through your body!
The orc priest mumbles some strange prayers to Beogh against you.
Beogh smites you!
Aiming: Sandblast (safe; 3% risk of failure)
Press: ? - help, Q - select action Shift-Dir - straight line, f/p - orc priest
Aim: an orc priest, wielding a +2 heavy war axe and wearing a +0 chain mail (moderately wounded, 87% to hit)
You feel a surge of power!
The blast of sand hits the orc priest but does no damage.
The orc priest is moderately wounded.
An orc wizard comes into view. It is wielding a +0 dagger.
The orc priest looks satisfied for a moment.
Aiming: Sandblast (safe; 3% risk of failure)
Press: ? - help, Q - select action Shift-Dir - straight line, f/p - orc priest
Aim: an orc priest, wielding a +2 heavy war axe and wearing a +0 chain mail (moderately wounded, 87% to hit)
You feel a surge of power!
The blast of sand misses the orc priest.
The blast of sand hits the orc!
You kill the orc!
Vehumet accepts your kill.
The orc wizard shouts!
The orc priest invokes the aid of Beogh against you.
Pain shoots through your body!
The orc priest mumbles some strange prayers to Beogh against you.
Beogh smites you!
You die...

##.........#..♣~~.~~.~).....##♣~~
.......###.#..#.#.P...#...#.##~♣~
##.###.# # ##.#.######.##♣♣~ ...#
#.# # #. #...# #.##P♣~ ##.# .#
#.#.. ###.# #...♣♣P ♣♣.♣ ..
.....######.#### #..~P~P ♣P~♣ #
...............# #..♣~~P P~♣♣
........###.##.###..P~~~ ♣..♣
#.#.###@# #.........~~~~ ♣♣~P♣
#.# ####.####.~~~~ ♣~.~♣♣♣♣P# #o#
#.# #.#~~P ~~~~.~~~.. #)# #.#
#.#.~~ P.~~P♣PP #o# ##.####.#...
♣♣~.♣♣ ### #o# #....>...... ♣♣.P♣
#.. #.# ##.##...#### ♣...♣ #.#
#.# #####.## ♣♣~P♣ #.# ∆ #.#


You could see 2 orc priests and an orc wizard.

Vanquished Creatures
  Jessica (D:3)
  An orc wizard (D:3)
  4 adders
  8 orcs (D:3)
  8 endoplasms
  A giant cockroach (D:2)
  7 goblins
  A hobgoblin (D:1)
  3 jackals (D:1)
  11 kobolds
  5 quokkas
  9 ball pythons
  A bat (D:2)
  3 frilled lizards
  5 rats
68 creatures vanquished.

Notes
Turn   | Place    | Note
-------+----------+-------------------------------------------
     0 | D:1      | GimliDwarf the Gnoll Wanderer began the quest for the Orb.
     0 | D:1      | GimliDwarf set off with the following items: a +2 dagger, a
                  | scroll of fear, a scroll of vulnerability, a scroll of
                  | blinking, a +0 robe; and the following spell memorised:
                  | Sandblast; and the following spells available to memorise:
                  | Stone Arrow.
     0 | D:1      | Reached XP level 1. HP: 13/13 MP: 4/4
   253 | D:1      | Reached XP level 2. HP: 19/19 MP: 3/5
   656 | D:1      | Reached XP level 3. HP: 25/25 MP: 2/7
   779 | D:1      | You fall into a shaft and drop 1 floor!
   779 | D:2      | Found a radiant altar of Vehumet.
   788 | D:2      | Became a worshipper of Vehumet
   846 | D:1      | Reached skill level 6 in Stealth
   948 | D:1      | Reached skill level 1 in Invocations
  1294 | D:2      | Reached skill level 1 in Fighting
  1294 | D:2      | Reached skill level 1 in Short Blades
  1294 | D:2      | Reached skill level 1 in Long Blades
  1294 | D:2      | Reached skill level 1 in Axes
  1294 | D:2      | Reached skill level 1 in Maces & Flails
  1294 | D:2      | Reached skill level 1 in Polearms
  1294 | D:2      | Reached skill level 1 in Staves
  1294 | D:2      | Reached skill level 1 in Ranged Weapons
  1294 | D:2      | Reached skill level 1 in Armour
  1294 | D:2      | Reached skill level 1 in Shields
  1294 | D:2      | Reached skill level 1 in Unarmed Combat
  1589 | D:2      | Reached * piety under Vehumet
  1589 | D:2      | Offered knowledge of Kiss of Death by Vehumet.
  1790 | D:3      | Reached XP level 4. HP: 32/32 MP: 4/8
  2131 | D:3      | Reached skill level 1 in Conjurations
  2131 | D:3      | Reached skill level 1 in Hexes
  2131 | D:3      | Reached skill level 1 in Summonings
  2131 | D:3      | Reached skill level 1 in Necromancy
  2131 | D:3      | Reached skill level 1 in Translocations
  2131 | D:3      | Reached skill level 1 in Transmutations
  2131 | D:3      | Reached skill level 1 in Fire Magic
  2131 | D:3      | Reached skill level 1 in Ice Magic
  2131 | D:3      | Reached skill level 1 in Air Magic
  2131 | D:3      | Reached skill level 1 in Poison Magic
  2142 | D:3      | Reached XP level 5. HP: 37/37 MP: 7/9
  2366 | D:3      | Noticed Jessica
  2388 | D:3      | Killed Jessica
  2572 | D:3      | Killed from afar by an orc priest

Illustrated notes

Levels and vault maps discovered:
D:1:      psy_arrival_radial02, layout_loops_cross, minmay_misc_feat_pillars
D:2:      layout_basic, basic_altar
D:3:      layout_loops_ring, serial_bayou, serial_bayou_shore_b,
          serial_bayou_crossing, serial_bayou_lagoon_b, serial_bayou_pond_b,
          serial_bayou_pond_d, kennysheep_jessica_study, uniq_jessica

Skill      XL: |  1  2  3  4  5 |
---------------+----------------+-----
Stealth        | 6 |  6.1
Invocations    | 1 |  1.7
Fighting       | 1 |  1.5
Short Blades   | 1 |  1.5
Long Blades    | 1 |  1.5
Axes           | 1 |  1.5
Maces & Flails | 1 |  1.5
Polearms       | 1 |  1.5
Staves         | 1 |  1.5
Ranged Weapons | 1 |  1.5
Armour         | 1 |  1.5
Shields        | 1 |  1.5
Unarmed Combat | 1 |  1.5
Spellcasting   | 3 |  3.2
Conjurations   | 1 |  1.2
Hexes          | 1 |  1.2
Summonings     | 1 |  1.2
Necromancy     | 1 |  1.2
Translocations | 1 |  1.2
Transmutations | 1 |  1.2
Fire Magic     | 1 |  1.2
Ice Magic      | 1 |  1.2
Air Magic      | 1 |  1.2
Poison Magic   | 1 |  1.2
Throwing       | 3 |  3.0
Earth Magic    | 4 |  4.0
Evocations     | 3 |  3.0
Dodging        | |  4.8

Action                     |  1- 3 |  4- 6 || total
---------------------------+-------+-------++-------
  Melee: Dagger            |     4 |       ||     4
         Whip              |     1 |    13 ||    14
   Cast: Sandblast         |    56 |    31 ||    87
   Stab: Sleeping          |     1 |       ||     1
 Armour: Robe              |     4 |     6 ||    10
  Dodge: Dodged            |    13 |    23 ||    36
